Map: Deathaura LE

Players

A.I. 1 (Very Easy)

  • Race: Terran Terran
  • Spawn Location: 5:00

Powerfoe - Winner!

  • Race: Terran Terran
  • League: Master
  • Spawn Location: 11:00

VOD

Have the link to the VOD?

Description

Time

  • Played on: Oct. 13, 2020, 7:22 p.m.
  • Length: 8:11
Show
View Real Time Build Order
Export as new Build Order

A.I. 1 (Very Easy) Terran 

Build Orders: Reaper Expand 

Get SALT Encoding   

  12  0:00  SCV  
  13  0:13  SCV  
  14  0:18  Supply Depot  
  14  0:42  Barracks  
  14  1:02  Command Center  
  14  1:30  Orbital Command, Supply Depot  
  14  1:31  Marine  
  15  1:35  Refinery  
  15  1:49  Refinery  
  15  1:55  SCV  
  16  2:07  SCV  
  17  2:14  SCV  
  18  2:16  Reaper  
  18  2:21  SCV  
  20  2:28  SCV  
  21  2:35  SCV  
  22  2:43  SCV  
  23  2:50  SCV  
  24  2:55  Refinery  
  24  2:57  SCV  
  25  3:04  SCV  
  25  3:05  Refinery  
  26  3:07  Marine  
  26  3:11  SCV  
  28  3:18  SCV  
  28  3:19  Factory  
  28  3:42  SCV  
  29  3:49  SCV  
  29  3:55  Supply Depot  
  30  3:56  SCV  
  30  3:57  Marine  
  32  4:04  SCV  
  32  4:07  Starport  
  33  4:11  SCV  
  33  4:16  Barracks Tech Lab  
  34  4:18  SCV  
  35  4:25  SCV  
  36  4:33  SCV  
  36  4:38  Supply Depot  
  37  4:40  SCV  
  38  4:45  Starport Tech Lab  
  38  4:47  SCV  
  38  4:49  Marauder  
  41  4:54  SCV  
  42  5:01  SCV  
  42  5:04  Raven  
  45  5:08  SCV  
  46  5:16  SCV  
  47  5:23  SCV  
  48  5:39  Marine  
  49  5:47  Raven  
  51  6:30  Marine  
  52  7:21  Marauder  
  44  7:41  Supply Depot, SCV  
  10  8:06  Supply Depot  
Show
View Real Time Build Order
Export as new Build Order

Powerfoe Terran - Winner!

Build Orders:  

Get SALT Encoding   

  12  0:00  SCV  
  13  0:12  SCV  
  14  0:17  Supply Depot  
  14  0:24  SCV  
  15  0:30  Refinery  
  15  0:38  SCV  
  16  0:43  Barracks  
  16  0:50  SCV  
  17  0:57  Refinery  
  17  1:02  SCV  
  18  1:15  SCV  
  19  1:30  Reaper, Orbital Command  
  20  1:35  Factory  
  20  1:46  Supply Depot  
  20  1:56  SCV  
  21  2:02  Reaper  
  21  2:08  SCV  
  23  2:19  Hellion  
  23  2:20  SCV  
  26  2:25  Command Center  
  26  2:32  SCV  
  26  2:35  Barracks Reactor  
  27  2:39  Supply Depot  
  27  2:42  Factory Tech Lab  
  27  2:44  SCV  
  27  2:51  Starport  
  28  2:56  SCV  
  29  3:01  Cyclone  
  32  3:10  SCV  
  33  3:13  Marine x2  
  35  3:23  SCV  
  36  3:31  Marine x2  
  38  3:35  SCV  
  38  3:36  Orbital Command  
  38  3:38  Raven  
  41  3:42  Refinery, Factory Tech Lab  
  41  3:47  SCV  
  42  3:49  Marine x2  
  42  3:53  Supply Depot  
  44  3:59  SCV  
  44  4:02  SCV  
  46  4:03  Siege Tank  
  49  4:11  SCV  
  49  4:13  Engineering Bay  
  49  4:14  SCV  
  51  4:23  SCV  
  51  4:24  Barracks  
  52  4:31  Starport Reactor, Stimpack  
  52  4:32  Barracks  
  52  4:33  SCV  
  53  4:39  SCV  
  53  4:40  Terran Infantry Weapons Level 1  
  53  4:41  Marine  
  55  4:46  Supply Depot  
  55  4:47  Supply Depot  
  55  4:49  SCV  
  56  4:54  Refinery  
  56  4:56  Siege Tank  
  56  4:57  SCV  
  60  5:01  SCV  
  61  5:08  Marine  
  61  5:10  SCV  
  61  5:13  SCV  
  64  5:14  Starport Reactor  
  64  5:20  Marine  
  64  5:21  Marine x3  
  68  5:22  SCV  
  68  5:24  Supply Depot  
  68  5:25  SCV  
  70  5:28  Siege Tank  
  70  5:31  Supply Depot  
  70  5:34  Marine, SCV  
  75  5:37  SCV  
  75  5:38  Marine x2  
  78  5:45  Marine x2  
  78  5:46  SCV  
  78  5:47  Supply Depot  
  81  5:50  Medivac x2  
  81  5:51  Supply Depot  
  81  5:55  Marine  
  81  5:56  Marine x2  
  88  6:01  Siege Tank  
  91  6:10  Combat Shield  
  91  6:15  Marine x5  
  96  6:19  Supply Depot  
  96  6:20  Medivac x2  
  96  6:21  Supply Depot  
  100  6:26  Barracks  
  100  6:29  Barracks  
  100  6:35  Siege Tank  
  103  6:40  Marine x3  
  103  6:42  Marine  
  103  6:43  Marine  
  108  6:49  Supply Depot  
  108  6:50  Supply Depot  
  108  6:55  Medivac  
  108  6:56  Medivac  
  108  7:00  Marine x3  
  115  7:01  Marine  
  115  7:04  Marine  
  117  7:08  Siege Tank  
  117  7:13  Barracks Reactor  
  120  7:15  Barracks Reactor  
  120  7:19  Marine x4  
  120  7:21  Marine  
  125  7:28  Supply Depot  
  125  7:30  Supply Depot  
  125  7:37  Marine x4, Medivac  
  125  7:39  Medivac, Marine  
  137  7:51  Marine x3  
  137  7:53  Marine  
Tags
 
League
Master
Matchup
TvT
Race
Terran
Spawn Locations
Cross Positions
Add a new tag
Caveats
  • Supply blocks, unpowered buildings, or Contaminate may cause inaccurate times.
  • Supply counts are checked every 10 seconds.